Map: Чистота и производство РВ

Players

IIIIIIIIIIII - Winner!

  • Race: Protoss Protoss
  • League: Master
  • Spawn Location: 3:00

demuLarva

  • Race: Terran Terran
  • League: Grandmaster
  • Spawn Location: 12:00

VOD

Have the link to the VOD?

Description

Time

  • Played on: March 20, 2020, 8:07 a.m.
  • Length: 6:04
Show
View Real Time Build Order
Export as new Build Order

IIIIIIIIIIII Protoss - Winner!

Build Orders: 1 Gate Expand 

Get SALT Encoding   

  12  0:00  Probe  
  13  0:12  Probe  
  14  0:18  Pylon  
  14  0:25  Probe (Chrono Boost)  
  15  0:37  Probe (Chrono Boost), Gateway  
  16  0:44  Probe (Chrono Boost)  
  16  0:46  Assimilator  
  17  0:51  Probe  
  18  1:03  Probe  
  19  1:15  Probe  
  20  1:24  Nexus  
  20  1:36  Cybernetics Core  
  20  1:38  Probe  
  21  1:43  Assimilator  
  21  1:50  Probe  
  21  1:53  Pylon  
  22  2:02  Probe (Chrono Boost)  
  23  2:09  Stalker (Chrono Boost)  
  23  2:14  Probe (Chrono Boost), Warp Gate  
  26  2:19  Probe (Chrono Boost)  
  27  2:29  Probe (Chrono Boost)  
  28  2:31  Twilight Council  
  28  2:35  Stalker  
  30  2:38  Probe (Chrono Boost)  
  32  2:46  Probe (Chrono Boost)  
  32  2:47  Probe (Chrono Boost)  
  33  2:52  Probe (Chrono Boost)  
  33  2:53  Probe  
  34  3:04  Probe  
  34  3:05  Probe  
  36  3:10  Resonating Glaives (Chrono Boost)  
  36  3:14  Robotics Facility  
  36  3:17  Probe x2  
  36  3:19  Adept  
  40  3:29  Probe x2  
  40  3:32  Pylon  
  42  3:41  Probe  
  43  3:43  Gateway x2  
  43  3:51  Gateway  
  43  3:52  Gateway  
  44  3:58  Probe  
  44  4:01  Warp Prism (Chrono Boost)  
  46  4:06  Adept  
  48  4:11  Pylon  
  48  4:19  Gateway  
  48  4:22  Shield Battery  
  48  4:25  Pylon  
  48  4:27  Adept  
  48  4:29  Observer (Chrono Boost)  
  51  4:35  Probe x2  
  51  4:37  Shield Battery  
  53  4:42  Pylon  
  51  4:58  Adept x3  
  51  4:59  Adept x2  
  51  5:17  Adept  
  51  5:18  Adept x2  
  51  5:19  Adept x3  
  53  5:27  Probe x2  
  51  5:41  Stalker x3  
  51  5:42  Stalker x2  
  61  5:51  Probe x2  
  61  5:52  Assimilator  
  61  5:54  Assimilator  
Show
View Real Time Build Order
Export as new Build Order

demuLarva Terran 

Build Orders: Reaper Expand 

Get SALT Encoding   

  12  0:00  SCV  
  13  0:12  SCV  
  14  0:17  Supply Depot  
  14  0:25  SCV  
  15  0:38  SCV  
  15  0:39  Barracks  
  16  0:46  Refinery  
  16  0:50  SCV  
  17  1:03  SCV  
  18  1:15  SCV  
  19  1:27  Orbital Command  
  19  1:29  Reaper  
  20  1:41  Command Center  
  20  1:53  SCV, Supply Depot  
  21  2:01  Marine  
  21  2:05  SCV  
  23  2:10  Factory  
  23  2:18  SCV  
  23  2:19  Refinery  
  24  2:23  Bunker  
  24  2:27  Barracks Reactor  
  24  2:30  SCV  
  25  2:42  SCV  
  26  2:54  SCV  
  27  3:06  SCV  
  27  3:14  Starport  
  27  3:15  Orbital Command  
  27  3:18  Hellion x2, Barracks Tech Lab, SCV  
  32  3:22  Refinery  
  32  3:30  SCV  
  33  3:34  Supply Depot  
  33  3:43  SCV x2  
  35  3:50  Cyclone, Marine x2  
  35  3:52  Fusion Core  
  35  3:55  SCV, Starport Tech Lab  
  41  3:57  SCV  
  42  4:07  SCV  
  42  4:08  Marine x2  
  42  4:09  SCV  
  46  4:13  Supply Depot  
  46  4:19  SCV  
  46  4:21  SCV  
  46  4:22  Siege Tank, Supply Depot  
  51  4:26  Marine x2  
  53  4:31  SCV, Supply Depot  
  53  4:34  SCV  
  53  4:38  Supply Depot  
  55  4:48  Battlecruiser  
  61  4:53  SCV  
  57  5:05  Marine x2  
  44  5:26  Marine x2  
  44  5:28  SCV  
  33  5:37  Orbital Command  
Tags
 
Add a new tag
Caveats
  • Supply blocks, unpowered buildings, or Contaminate may cause inaccurate times.
  • Supply counts are checked every 10 seconds.